Map: Dusk Towers

Players

Shura (Scarlett)

  • Race: Zerg Zerg

PtitDrogo - Winner!

  • Race: Protoss Protoss
  • League: Master

Event: Homestory Cup XII

VOD

Have the link to the VOD?

Description

Time

  • Played on: Dec. 17, 2015, 12:57 p.m.
  • Length: 14:43

All games in this series

Show
View Real Time Build Order
Export as new Build Order

Shura Zerg 

Build Orders: Hatch First, Lurkers 

Get SALT Encoding   

  12  0:00  Drone  
  13  0:12  Overlord  
  13  0:18  Drone  
  14  0:31  Drone x2  
  14  0:35  Drone  
  17  0:45  Drone  
  18  0:55  Hatchery  
  17  0:57  Drone  
  18  1:10  Spawning Pool  
  17  1:13  Drone  
  17  1:17  Drone  
  19  1:29  Drone  
  20  1:39  Hatchery  
  19  1:43  Drone  
  20  1:56  Queen  
  22  2:02  Overlord  
  22  2:07  Zergling x2  
  22  2:08  Queen  
  23  2:12  Drone  
  23  2:14  Drone  
  27  2:26  Drone  
  27  2:27  Drone  
  29  2:31  Queen  
  31  2:37  Drone  
  31  2:40  Drone  
  31  2:41  Drone  
  31  2:44  Queen  
  34  2:51  Overlord  
  36  2:52  Queen  
  38  2:59  Drone x3  
  41  3:09  Extractor  
  41  3:10  Extractor  
  40  3:12  Drone  
  40  3:13  Drone x5  
  40  3:15  Drone  
  40  3:19  Drone  
  47  3:22  Overlord  
  47  3:29  Overlord, Drone  
  48  3:35  Overlord  
  48  3:36  Drone x2  
  50  3:42  Overlord  
  50  3:46  Drone x2  
  50  3:47  Drone  
  53  3:52  Zergling x10  
  57  3:57  Overlord  
  57  4:02  Roach Warren  
  56  4:05  Metabolic Boost  
  56  4:12  Drone  
  56  4:13  Drone x3  
  56  4:16  Lair  
  60  4:24  Zergling x4  
  62  4:27  Drone  
  62  4:28  Drone x6  
  69  4:32  Queen  
  69  4:41  Zergling x10  
  69  4:43  Overlord  
  74  4:55  Drone x5  
  74  4:59  Evolution Chamber  
  78  5:01  Evolution Chamber  
  78  5:04  Drone x2  
  78  5:07  Drone x3  
  81  5:10  Drone x2  
  81  5:13  Overlord  
  84  5:14  Drone x2  
  84  5:16  Hatchery, Glial Reconstitution  
  83  5:27  Drone  
  83  5:28  Drone x5  
  88  5:33  Overseer, Zerg Ground Armor Level 1, Zerg Melee Weapons Level 1  
  88  5:35  Overlord  
  88  5:36  Drone  
  88  5:37  Drone  
  88  5:41  Extractor  
  88  5:42  Extractor  
  87  5:43  Extractor x2  
  87  5:45  Drone x6  
  87  5:48  Hydralisk Den  
  90  5:55  Overlord  
  90  5:56  Overlord  
  90  5:57  Overlord x2  
  90  5:58  Roach x2  
  94  6:12  Roach x4  
  94  6:13  Spore Crawler, Overlord x2  
  101  6:20  Roach x2  
  101  6:22  Drone x4  
  109  6:35  Roach x7  
  120  6:43  Lurker Den  
  117  6:48  Drone  
  117  6:49  Drone x9  
  127  6:56  Hydralisk x2  
  131  7:06  Hydralisk x6  
  143  7:15  Overseer  
  143  7:16  Overlord x3  
  143  7:17  Overlord x2  
  143  7:21  Queen  
  143  7:25  Extractor  
  143  7:27  Drone x2  
  143  7:28  Drone x2  
  143  7:29  Drone x10  
  154  7:30  Zerg Melee Weapons Level 2, Extractor  
  154  7:31  Spore Crawler  
  154  7:36  Zerg Ground Armor Level 2  
  152  7:41  Infestation Pit  
  151  7:50  Drone x3  
  153  7:55  Spine Crawler x2  
  153  7:56  Spine Crawler  
  153  7:57  Spine Crawler  
  153  7:58  Hatchery, Zergling x2  
  148  7:59  Zergling x12  
  155  8:12  Lurker x6  
  161  8:13  Zergling x10  
  161  8:14  Zergling x10  
  171  8:21  Roach x5  
  171  8:26  Queen  
  179  8:32  Queen  
  176  8:40  Roach x8  
  176  8:41  Roach x2  
  186  8:45  Drone x5  
  189  8:53  Hive  
  181  9:05  Overlord x2, Pneumatized Carapace  
  181  9:16  Overlord  
  181  9:17  Overlord  
  181  9:19  Spine Crawler  
  181  9:20  Spine Crawler  
  181  9:23  Spine Crawler  
  178  9:24  Hydralisk  
  178  9:25  Hydralisk x6  
  178  9:30  Spine Crawler  
  191  9:32  Extractor x2  
  191  9:33  Spore Crawler, Spine Crawler  
  191  9:37  Zergling x4  
  191  9:38  Zergling x14  
  188  9:58  Hydralisk  
  188  9:59  Hydralisk x6  
  172  10:01  Hydralisk x7  
  143  10:17  Viper x4  
  143  10:20  Zergling x12  
  143  10:21  Zergling x4  
  161  10:28  Lurker x4  
  165  10:32  Zergling x16  
  171  10:44  Lurker x3  
  171  10:45  Zergling x10  
  152  10:58  Zergling x4  
  152  10:59  Zergling x10  
  152  11:04  Zergling x12  
  135  11:13  Overseer  
  135  11:15  Zerg Ground Armor Level 3, Zerg Melee Weapons Level 3  
  135  11:17  Ultralisk Cavern, Zergling x20  
  143  11:22  Roach x3  
  143  11:23  Roach x2  
  150  11:30  Zergling x2  
  131  11:47  Drone x3  
  131  11:48  Drone x2  
  131  11:49  Overseer, Roach x3  
  131  11:50  Overseer  
  131  11:51  Spine Crawler  
  131  11:53  Spine Crawler  
  139  12:00  Extractor  
  139  12:01  Zergling x8  
  135  12:11  Adrenal Glands  
  135  12:12  Roach x4  
  140  12:17  Hatchery  
  140  12:20  Drone x4  
  143  12:26  Hydralisk x3  
  149  12:35  Hydralisk x3  
  149  12:36  Hydralisk  
  157  12:45  Spore Crawler  
  157  12:49  Zergling x8  
  157  12:51  Hydralisk  
  160  12:52  Queen  
  164  13:00  Zergling x6  
  164  13:04  Zergling x2  
  168  13:05  Lurker  
  168  13:06  Lurker x6  
  168  13:16  Zergling x8  
  168  13:19  Hatchery  
  171  13:20  Drone  
  171  13:21  Drone x2  
  174  13:28  Zergling x4  
  174  13:31  Hatchery  
  166  13:59  Zergling x24  
  138  14:13  Hydralisk x7  
  100  14:29  Ultralisk Cavern  
Show
View Real Time Build Order
Export as new Build Order

PtitDrogo Protoss - Winner!

Build Orders: Nexus First, Zealot Archon 

Get SALT Encoding   

  12  0:01  Probe (Chrono Boost)  
  13  0:11  Probe (Chrono Boost)  
  14  0:17  Pylon  
  14  0:22  Probe (Chrono Boost)  
  15  0:35  Probe (Chrono Boost)  
  16  0:45  Probe (Chrono Boost)  
  17  0:58  Nexus  
  17  1:00  Probe (Chrono Boost)  
  18  1:10  Gateway  
  18  1:13  Probe (Chrono Boost)  
  18  1:18  Assimilator  
  19  1:24  Probe (Chrono Boost)  
  20  1:25  Assimilator  
  20  1:34  Probe (Chrono Boost)  
  20  1:39  Gateway  
  21  1:45  Probe (Chrono Boost)  
  22  1:55  Probe (Chrono Boost)  
  22  1:58  Cybernetics Core  
  23  2:10  Probe x2 (Chrono Boost)  
  25  2:20  Probe (Chrono Boost)  
  25  2:21  Probe (Chrono Boost)  
  27  2:30  Probe (Chrono Boost)  
  27  2:31  Probe (Chrono Boost)  
  27  2:34  Stalker (Chrono Boost)  
  31  2:38  Stalker (Chrono Boost)  
  31  2:40  Warp Gate  
  31  2:42  Probe  
  31  2:43  Mothership Core  
  36  2:48  Pylon  
  36  2:54  Probe  
  37  3:04  Probe  
  38  3:06  Stalker (Chrono Boost), Probe  
  38  3:10  Stalker (Chrono Boost)  
  43  3:14  Pylon  
  43  3:16  Probe (Chrono Boost)  
  43  3:18  Probe (Chrono Boost)  
  45  3:27  Probe (Chrono Boost)  
  45  3:32  Probe (Chrono Boost)  
  47  3:38  Probe (Chrono Boost)  
  47  3:39  Pylon  
  48  3:42  Probe (Chrono Boost)  
  49  3:48  Probe (Chrono Boost)  
  49  3:53  Probe (Chrono Boost), Nexus  
  51  3:59  Probe (Chrono Boost)  
  51  4:01  Sentry x2, Assimilator x2  
  56  4:04  Probe (Chrono Boost)  
  56  4:08  Robotics Facility  
  58  4:10  Probe (Chrono Boost)  
  58  4:14  Probe (Chrono Boost)  
  59  4:20  Probe (Chrono Boost)  
  60  4:25  Probe (Chrono Boost)  
  60  4:31  Probe (Chrono Boost)  
  62  4:39  Forge  
  62  4:40  Twilight Council, Pylon  
  62  4:41  Pylon  
  62  4:57  Probe  
  62  4:58  Probe, Observer (Chrono Boost)  
  65  5:00  Sentry x2, Protoss Ground Weapons Level 1 (Chrono Boost)  
  65  5:04  Probe  
  70  5:08  Probe  
  70  5:10  Probe  
  72  5:15  Probe  
  72  5:20  Gateway, Pylon, Probe  
  74  5:21  Gateway, Immortal  
  74  5:22  Probe  
  74  5:23  Charge (Chrono Boost)  
  74  5:27  Probe, Assimilator  
  80  5:31  Assimilator  
  80  5:32  Probe, Adept  
  80  5:33  Adept  
  80  5:35  Probe  
  80  5:39  Probe  
  81  5:44  Probe  
  81  5:47  Probe  
  83  5:52  Probe  
  83  5:55  Warp Prism  
  83  5:56  Probe  
  85  5:59  Probe  
  85  6:01  Templar Archives  
  85  6:04  Probe  
  89  6:06  Adept x2  
  89  6:09  Probe  
  94  6:14  Probe  
  94  6:16  Gateway  
  94  6:17  Probe  
  96  6:20  Gateway  
  96  6:21  Gateway  
  96  6:22  Probe  
  97  6:28  Gateway x2, Robotics Bay  
  97  6:30  Gateway  
  97  6:33  Sentry x2  
  97  6:39  Protoss Ground Weapons Level 2  
  99  6:41  Immortal  
  101  6:54  Pylon  
  101  6:55  Pylon  
  101  6:56  Pylon  
  101  6:57  Pylon  
  101  7:01  Photon Cannon  
  101  7:11  Pylon  
  101  7:28  High Templar x4  
  109  7:32  Disruptor  
  109  7:35  Archon x2  
  109  7:36  Robotics Facility  
  109  7:41  Nexus, Zealot x6  
  124  7:47  Pylon x2  
  124  7:49  Pylon  
  124  8:00  Probe  
  124  8:05  Disruptor (Chrono Boost), Zealot  
  127  8:06  Zealot  
  132  8:17  Zealot  
  132  8:18  Zealot x6  
  146  8:25  Disruptor (Chrono Boost)  
  149  8:27  Probe  
  142  8:38  Protoss Ground Weapons Level 3  
  142  8:40  Disruptor (Chrono Boost)  
  141  8:43  Zealot x9  
  141  8:44  Zealot  
  143  8:55  Probe x2  
  143  8:56  Disruptor (Chrono Boost)  
  143  8:59  Assimilator  
  144  9:05  Photon Cannon, Assimilator  
  134  9:11  Disruptor (Chrono Boost)  
  134  9:14  Probe  
  138  9:23  High Templar  
  138  9:24  High Templar x3  
  144  9:25  Zealot x6  
  144  9:27  Warp Prism (Chrono Boost)  
  144  9:29  Archon x2  
  144  9:30  Pylon x2  
  160  9:42  Disruptor (Chrono Boost)  
  159  9:48  Zealot x5  
  145  10:00  Zealot x5  
  149  10:11  Zealot x3  
  149  10:12  Zealot x2  
  153  10:16  Probe  
  153  10:20  Immortal x2 (Chrono Boost)  
  162  10:22  Probe  
  162  10:26  Pylon  
  162  10:28  Pylon  
  163  10:31  High Templar x3  
  163  10:32  High Templar  
  163  10:35  Archon x2  
  171  10:39  Robotics Facility  
  171  10:45  Zealot x4  
  161  11:01  Zealot x2  
  155  11:14  Zealot x5  
  155  11:15  Zealot x3  
  155  11:17  Immortal (Chrono Boost)  
  169  11:24  Probe  
  170  11:32  Psionic Storm  
  145  11:47  Zealot x4  
  145  11:48  Zealot x6  
  145  11:52  Probe  
  164  11:58  Protoss Ground Armor Level 1  
  152  12:09  High Templar x6  
  152  12:10  High Templar x4  
  162  12:16  Disruptor  
  162  12:21  Disruptor x2  
  171  12:24  Archon x2  
  171  12:42  High Templar x3  
  171  12:43  High Templar x3  
  183  12:47  Nexus, Archon x3  
  183  12:49  Dark Shrine  
  183  12:52  Pylon  
  183  12:53  Pylon  
  183  12:55  Pylon  
  183  13:02  Zealot x2  
  187  13:14  Zealot x2  
  191  13:26  Nexus, High Templar x4  
  199  13:30  Pylon  
  199  13:32  Photon Cannon  
  191  13:48  Zealot x4  
  189  14:15  Archon  
  189  14:16  Archon  
  176  14:18  Probe  
  176  14:19  Zealot x7  
  176  14:20  Zealot x2  
  176  14:22  Probe  
  190  14:25  Probe  
Tags
 
Add a new tag
Caveats
  • Supply blocks, unpowered buildings, or Contaminate may cause inaccurate times.
  • Supply counts are checked every 10 seconds.